 Dungeon Crawl Stone Soup version 0.22-a0-748-g283c1ef38e (webtiles) character file.

187141 Worldyogurt the Warrior (level 17, -3/144 HPs)
             Began as a Demonspawn Fighter on July 15, 2018.
             Was the Champion of Okawaru.
             Slain by a redback (10 damage)
             ... on level 3 of the Spider Nest.
             The game lasted 01:49:51 (38134 turns).

Worldyogurt the Warrior (Demonspawn Fighter)       Turns: 38134, Time: 01:49:56

Health: -3/144     AC: 20    Str: 19    XL:     17   Next: 44%
Magic:  24/24      EV:  5    Int: 23    God:    Okawaru [******]
Gold:   3138       SH:  0    Dex:  8    Spells: 19/19 levels left

rFire    + . .     SeeInvis .   k - +9 broad axe (vamp)
rCold    + . .     Gourm    .   K - +0 large shield
rNeg     . . .     Faith    +   G - +1 ring mail of the Harp {rElec rF+ Regen+ Dex-5}
rPois    +         Spirit   .   (helmet unavailable)
rElec    +         Reflect  .   y - +2 cloak {MR+}
rCorr    +         Harm     .   r - +0 pair of gloves of Courage {MR++ rCorr Slay+3}
MR       +++++                  x - +2 pair of boots of Catatonia {rPois Regen+ Int+4}
Stlth    ..........             n - amulet of faith
HPRegen  1.14/turn              W - ring of the Mage {Wiz MR++ Int+3}
MPRegen  0.19/turn              F - +2 ring of strength

@: confused, about to teleport, held, studying Crossbows
A: horns 3, yellow scales 2, cold resistance 1, rot immunity, freezing cloud
immunity
}: 1/15 runes: barnacled
a: Heroism, Finesse, Renounce Religion


You were on level 3 of the Spider Nest.
You worshipped Okawaru.
Okawaru was exalted by your worship.
You were not hungry.

You visited 6 branches of the dungeon, and saw 31 of its levels.
You also visited: Labyrinth and Bailey.

You collected 3836 gold pieces.
You spent 698 gold pieces at shops.

Inventory:

Hand Weapons
 k - a +9 vampiric broad axe (weapon)
Missiles
 o - 47 tomahawks of returning
 S - 52 javelins of returning (quivered)
Armour
 r - the +0 pair of gloves of Courage (worn) {MR++ rCorr Slay+3}
   (You found it on level 14 of the Dungeon)

   It affects your accuracy and damage with ranged weapons and melee attacks
   (+3).
   It affects your resistance to hostile enchantments.
   It provides partial protection from all sources of acid and corrosion.
 x - the +2 pair of boots of Catatonia (worn) {rPois Regen+ Int+4}
   (Okawaru gifted it to you on level 15 of the Dungeon)

   It affects your intelligence (+4).
   It protects you from poison.
   It increases your rate of regeneration.
 y - a +2 cloak of magic resistance (worn)
 G - the +1 ring mail of the Harp (worn) {rElec rF+ Regen+ Dex-5}
   (You found it on level 4 of the Shoals)

   It affects your dexterity (-5).
   It protects you from fire.
   It insulates you from electricity.
   It increases your rate of regeneration.
 J - the +2 pair of boots "Lumure" {*Corrode +Blink rC++ SInv}
   (Okawaru gifted it to you on level 3 of the Lair of Beasts)

   It greatly protects you from cold.
   It lets you see invisible.
   It lets you blink.
   It may corrode you when you take damage.
 K - a +0 large shield (worn)
Jewellery
 g - an uncursed ring of see invisible
 n - an amulet of faith (around neck)
 w - an uncursed ring of positive energy
 F - a +2 ring of strength (right hand)
 H - an uncursed amulet of the gourmand {unknown}
 W - the ring of the Mage (left hand) {Wiz MR++ Int+3}
   (You found it in a labyrinth)

   [ring of wizardry]

   It improves your spell success rate.
   It affects your intelligence (+3).
   It affects your resistance to hostile enchantments.
 X - an uncursed ring of protection from fire
 Y - an uncursed amulet of guardian spirit {unknown}
Wands
 z - a wand of disintegration (15)
 C - a wand of iceblast (12)
 E - a wand of clouds (4)
 L - a wand of acid (32)
 P - a wand of paralysis (27)
Scrolls
 b - 2 scrolls of brand weapon
 c - 2 scrolls of enchant armour
 j - 2 scrolls of magic mapping
 m - 5 scrolls of blinking
 p - 3 scrolls of fog
 s - 10 scrolls of teleportation
 t - 7 scrolls of immolation
 v - 10 scrolls of remove curse
 A - 2 scrolls of enchant weapon
 B - 3 scrolls of silence
 O - a scroll of fear
 Q - a scroll of summoning
Potions
 a - 2 potions of agility
 d - 6 potions of might
 e - a potion of cancellation
 i - 2 potions of invisibility
 l - 2 potions of curing
 q - 3 potions of resistance
 u - 4 potions of brilliance
 D - 9 potions of flight
 I - 2 potions of haste
 R - 2 potions of mutation
 T - 4 potions of ambrosia
 Z - a potion of magic
Books
 U - a manual of Crossbows
Miscellaneous
 V - a phantom mirror
Comestibles
 f - 32 rations


   Skills:
 + Level 16.2 Fighting
 + Level 14.9 Axes
 - Level 5.7 Throwing
 + Level 12.2 Armour
 + Level 5.7 Dodging
 + Level 12.2 Shields
 + Level 1.7 Spellcasting
 - Level 10.0 Invocations
 - Level 5.0 Evocations


You had 19 spell levels left.
You didn't know any spells.
Your spell library contained the following spells:

 Spells                   Type           Power        Failure   Level  Hunger
 Magic Dart               Conj           #...         38%         1    #......
 Apportation              Tloc           #.....       38%         1    #......
 Conjure Flame            Conj/Fire      #.......     73%         3    ###....
 Bolt of Magma            Conj/Fire/Erth #.........   100%        5    ######.
 Slow                     Hex            #.......     50%         2    ###....
 Confuse                  Hex            #.......     73%         3    ###....
 Invisibility             Hex            #.......     100%        6    #######
 Mephitic Cloud           Conj/Pois/Air  #.......     73%         3    ###....
 Venom Bolt               Conj/Pois      #.........   100%        5    ######.
 Summon Small Mammal      Summ           #...         38%         1    #......
 Lehudib's Crystal Spear  Conj/Erth      #.........   100%        8    #######
 Fire Storm               Conj/Fire      #.........   100%        9    #######
 Blink                    Tloc           N/A          50%         2    ###....
 Iskenderun's Mystic Bla  Conj           #.......     98%         4    #####..
 Animate Skeleton         Necr           N/A          38%         1    #......
 Summon Ice Beast         Ice/Summ       #.......     98%         4    #####..
 Call Imp                 Summ           #.......     50%         2    ###....
 Poison Arrow             Conj/Pois      #.........   100%        6    #######
 Tukima's Dance           Hex            #.......     73%         3    ###....
 Iron Shot                Conj/Erth      #.........   100%        6    #######
 Swiftness                Chrm/Air       #.......     50%         2    ###....
 Spider Form              Tmut/Pois      #.........   73%         3    ###....
 Statue Form              Tmut/Erth      #........    100%        6    #######
 Ice Form                 Ice/Tmut       #.......     98%         4    #####..
 Glaciate                 Conj/Ice       #.........   100%        9    #######
 Confusing Touch          Hex            #.....       38%         1    #......
 Passwall                 Tmut/Erth      #.......     50%         2    ###....
 Sticks to Snakes         Tmut           #.......     50%         2    ###....
 Call Canine Familiar     Summ           #.......     73%         3    ###....
 Ensorcelled Hibernation  Hex/Ice        #.....       50%         2    ###....
 Corona                   Hex            #......      38%         1    #......
 Lee's Rapid Deconstruct  Erth           #.........   100%        5    ######.
 Chain Lightning          Conj/Air       #.........   100%        8    #######
 Passage of Golubria      Tloc           N/A          98%         4    #####..
 Orb of Destruction       Conj           #.........   100%        7    #######
 Darkness                 Hex            #.........   100%        6    #######
 Iskenderun's Battlesphe  Conj/Chrm      #.......     100%        5    ######.
 Fulminant Prism          Conj/Hex       #.........   98%         4    #####..
 Dazzling Spray           Conj/Hex       #.....       73%         3    ###....
 Force Lance              Conj/Tloc      #.......     98%         4    #####..
 Searing Ray              Conj           #.....       50%         2    ###....
 Summon Lightning Spire   Summ/Air       #.......     98%         4    #####..
 Summon Guardian Golem    Hex/Summ       #.......     73%         3    ###....
 Spellforged Servitor     Conj/Summ      #.........   100%        7    #######


Dungeon Overview and Level Annotations

Branches:
Dungeon (15/15)            Temple (1/1) D:5            Lair (6/6) D:8
 Shoals (4/4) Lair:2       Spider (3/4) Lair:3        Slime (0/5) Lair:6
    Orc (2/2) D:10            Elf (0/3) Orc:2        Vaults (0/5) D:14
 Depths (0/5) D:15

Altars:
Ashenzari
Cheibriados
Dithmenos
Elyvilon
Fedhas
Gozag
Hepliaklqana
Kikubaaqudgha
Makhleb
Nemelex Xobeh
Okawaru
Qazlal
Ru
Sif Muna
Trog
Uskayaw
Vehumet
Wu Jian
Xom
Yredelemnul
Zin
The Shining One

Shops:
D:4 (   D:6 !   D:9 !   D:12 ?%   D:13 *   Orc:2 %?}[   Shoals:3 (

Annotations:
D:4 2 transporters, Faustar's ghost, amateur FeSu
Shoals:2 3 runed doors, Vuomp's ghost, journeyman HaHu


Innate Abilities, Weirdness & Mutations

You have a pair of large horns on your head.
You are mostly covered in yellow scales. (AC +3)
Your flesh is cold resistant. (rC+)
You are immune to rotting.
You are immune to freezing clouds.


Message History

The worker ant barely misses you.
You feel better. The wolf spider hits you!
* * * LOW HITPOINT WARNING * * *
The wolf spider bites you but does no damage.
The redback bites you.
* * * LOW HITPOINT WARNING * * *
The tarantella bites you.
* * * LOW HITPOINT WARNING * * *
You are confused.
The entropy weaver hits you.
* * * LOW HITPOINT WARNING * * *
The entropy weaver closely misses you. The entropy weaver hits you.
* * * LOW HITPOINT WARNING * * *
The entropy weaver hits you but does no damage.
The worker ant bites you but does no damage.
The wolf spider hits you!
* * * LOW HITPOINT WARNING * * *
The wolf spider bites you but does no damage.
The redback bites you!
You die...

... ##...........
...
#....}..............
#...s...............
#...§..s..#.........
#...§s.....^........
#.§.......#......#.
##sas......#.s......
#.s@aaa...#...†.....
#..aa.a....^../.....
##..a...............
#......[......†..##.
#......#^.....#..##.
##(.<..##.a.......^.
####.##....##...#..
######..####....
#### ###..


You could see a queen ant, an entropy weaver, a wolf spider, 2 orb spiders, 4
soldier ants, a jumping spider, a tarantella, a redback and 3 worker ants.

Vanquished Creatures
  Nikola (Shoals:1)
  A kraken (Shoals:4)
  Gastronok (Lair:1)
  Kirke (D:13)
  Roxanne (Spider:1)
  An emperor scorpion (Spider:1)
  A ghost moth (Spider:1)
  Aizul (Shoals:2)
  2 entropy weavers
  Nessos (Orc:2)
  A minotaur (Lab)
  A dire elephant (D:15)
  The ghost of Leszczynek the Martial Artist, a journeyman DgGl (Lair:5)
  8 merfolk javelineers
  An ettin (Orc:2)
  4 merfolk impalers
  Harold (Lair:1)
  5 hydras
  2 rakshasas
  3 merfolk aquamancers
  3 merfolk avatars
  2 satyrs (Shoals:3)
  2 centaur warriors
  Erica (D:8)
  A death knight (D:11)
  An alligator snapping turtle (Shoals:4)
  2 dancing weapons (D:14)
  9 two-headed ogres
  11 death yaks
  A tengu warrior (D:13)
  Nergalle (D:10)
  3 orc high priests (Orc:2)
  6 hell knights (D:10)
  A skeletal warrior (D:11)
  15 sea snakes
  9 harpies
  An oklob plant (Lair:1)
  6 orc knights
  3 orc sorcerers (Orc:2)
  A wizard (D:14)
  6 ugly things (D:15)
  2 deep elf magi
  A necromancer (D:10)
  8 wolf spiders
  9 orb spiders
  12 manticores
  17 fauns
  3 cyclopes
  6 water nymphs
  A naga mage (D:15)
  6 elephants (Lair:4)
  2 black mambas
  9 merfolk sirens
  3 torpor snails
  12 spiny frogs
  2 centaur skeletons
  3 rime drakes (Lair:6)
  6 demonic crawlers
  3 freezing wraiths (D:11)
  An efreet (D:13)
  A yaktaur (shapeshifter) (D:14)
  4 komodo dragons
  4 polar bears
  14 jumping spiders
  A tengu conjurer (D:13)
  8 trolls
  26 merfolk
  16 blink frogs
  12 slime creatures
  7 wind drakes
  11 hornets
  6 hippogriffs
  11 dream sheep
  7 snapping turtles
  A shadow (D:12)
  12 water elementals
  12 spriggans (Lair:6)
  2 wraiths
  6 wyverns
  15 redbacks
  12 tarantellas
  A basilisk (D:14)
  21 yaks
  2 hungry ghosts (D:14)
  5 hogs (D:13)
  4 wargs
  3 soldier ants
  2 acid dragons
  10 water moccasins
  7 hell hounds (D:10)
  21 orc warriors
  7 porcupines
  5 ice beasts
  2 sky beasts
  6 black bears
  7 phantoms
  10 ogres
  An eye of draining (D:14)
  43 wolves
  6 centaurs
  4 boggarts (Lair:6)
  13 crocodiles
  2 big kobolds
  21 bullfrogs
  A wyvern zombie (D:9)
  4 scorpions
  4 wights (D:10)
  A howler monkey (D:6)
  An electric eel (Lair:2)
  A bullfrog zombie (D:11)
  3 centaur zombies
  8 crimson imps
  7 hounds
  9 jellies
  18 orc priests
  3 bullfrog skeletons
  30 orc wizards
  3 iguanas
  9 worker ants
  2 hell rats (D:8)
  A hound zombie (D:10)
  A hound skeleton (D:7)
  2 worker ant zombies
  7 gnolls
  14 adders
  A howler monkey skeleton (D:5)
  6 shadow imps
  An adder zombie (D:8)
  2 adder skeletons
  3 worms (D:3)
  A dart slug (D:2)
  4 leopard geckos
  58 orcs
  A ball python (D:4)
  7 giant cockroaches
  12 hobgoblins
  7 jackals
  3 quokkas
  7 bats
  2 frilled lizards
  A giant cockroach zombie (D:5)
  10 goblins
  A jackal zombie (D:6)
  23 kobolds
  10 rats
  A bush (Lair:6)
  2 butterflies
  2 fungi
  25 plants
  3 tentacles (Shoals:4)
942 creatures vanquished.

Vanquished Creatures (others)
  A sea snake (Shoals:1)
  A manticore (Shoals:1)
  2 humans (D:13)
  A worker ant (Spider:3)
  18 fungi
  16 plants
  3 tentacles (Shoals:4)
42 creatures vanquished.

Grand Total: 984 creatures vanquished

Notes
Turn   | Place    | Note
-------+----------+-------------------------------------------
     0 | D:1      | Worldyogurt the Demonspawn Fighter began the quest for the Orb.
     0 | D:1      | Reached XP level 1. HP: 18/18 MP: 1/1
   295 | D:1      | Gained mutation: You are immune to rotting. [demonic ancestry]
   295 | D:1      | Reached XP level 2. HP: 24/24 MP: 2/2
  1121 | D:2      | Gained mutation: You are partially covered in yellow scales. (AC +2) [demonic ancestry]
  1121 | D:2      | Reached XP level 3. HP: 24/29 MP: 3/3
  1530 | D:2      | Gained mutation: Your flesh is cold resistant. (rC+) [demonic ancestry]
  1530 | D:2      | Reached XP level 4. HP: 19/37 MP: 4/4
  1725 | D:2      | Reached skill level 4 in Fighting
  2573 | D:3      | HP: 1/37 [worm (7)]
  2947 | D:3      | Gained mutation: You have a pair of small horns on your head. [demonic ancestry]
  2947 | D:3      | Reached XP level 5. HP: 27/43 MP: 5/5
  3295 | D:4      | Noticed a phantom
  3297 | D:4      | Noticed a phantom
  3827 | D:4      | Killed a phantom
  3827 | D:4      | Reached skill level 5 in Fighting
  3827 | D:4      | Gained mutation: You have a pair of horns on your head. [demonic ancestry]
  3827 | D:4      | Reached XP level 6. HP: 23/51 MP: 6/6
  4606 | D:4      | Noticed Faustar's ghost (amateur FeSu)
  4607 | D:4      | Found a transporter.
  4957 | D:4      | Found Zarixzi's Antique Weapon Emporium.
  4965 | D:4      | Bought a runed broad axe for 126 gold pieces
  5016 | D:4      | Found a transporter.
  5076 | D:5      | Entered Level 5 of the Dungeon
  5169 | D:5      | Noticed an ice beast
  5169 | D:5      | Noticed an ice beast
  5171 | D:5      | Reached XP level 7. HP: 57/57 MP: 7/7
  5208 | D:5      | Reached skill level 6 in Fighting
  5208 | D:5      | Reached skill level 5 in Axes
  5438 | D:5      | Found an ornate altar of the Wu Jian Council.
  5590 | D:5      | Reached skill level 7 in Fighting
  5599 | D:5      | Found a staircase to the Ecumenical Temple.
  5615 | Temple   | Entered the Ecumenical Temple
  5750 | Temple   | Became a worshipper of Warmaster Okawaru
  5795 | D:5      | Gained mutation: You are mostly covered in yellow scales. (AC +3) [demonic ancestry]
  5795 | D:5      | Reached XP level 8. HP: 62/67 MP: 8/8
  6422 | D:6      | Reached skill level 8 in Fighting
  6532 | D:6      | Found Emizeriu's Distillery.
  6782 | D:7      | Reached * piety under Okawaru
  7053 | D:7      | Got a polished whip
  7059 | D:7      | Identified the +4 whip "Spider's Bane" {speed, Dex+4} (You found it on level 7 of the Dungeon)
  7281 | D:7      | Reached XP level 9. HP: 31/75 MP: 9/9
  7825 | D:8      | Reached skill level 9 in Fighting
  7888 | D:8      | Noticed a two-headed ogre
  7897 | D:8      | Killed a two-headed ogre
  7897 | D:8      | Reached ** piety under Okawaru
  8203 | D:8      | Reached skill level 1 in Invocations
  8327 | D:8      | Noticed a two-headed ogre
  8333 | D:8      | Killed a two-headed ogre
  8333 | D:8      | Reached *** piety under Okawaru
  8333 | D:8      | Reached skill level 10 in Fighting
  8479 | D:8      | Noticed Erica
  8491 | D:8      | Killed Erica
  8491 | D:8      | Gained mutation: You are immune to freezing clouds. [demonic ancestry]
  8491 | D:8      | Reached XP level 10. HP: 71/86 MP: 13/13
  8500 | D:8      | Reached skill level 5 in Invocations
  8613 | D:8      | Noticed a two-headed ogre
  8621 | D:8      | Killed a two-headed ogre
  8621 | D:8      | Reached **** piety under Okawaru
  8779 | D:8      | Noticed a death yak
  8782 | D:8      | Noticed a death yak
  8783 | D:8      | Noticed a death yak
  8956 | D:7      | Killed a death yak
  8965 | D:7      | Killed a death yak
  8965 | D:7      | Reached ***** piety under Okawaru
  8965 | D:7      | Reached skill level 11 in Fighting
  8965 | D:7      | Reached skill level 10 in Axes
  8973 | D:7      | Killed a death yak
  8973 | D:7      | Received a gift from Okawaru
  9258 | D:8      | Noticed a two-headed ogre
  9267 | D:8      | Killed a two-headed ogre
  9438 | D:8      | Found a hazy altar of Hepliaklqana.
  9438 | D:8      | Found a bloodstained altar of Trog.
  9444 | D:8      | Found a stormy altar of Qazlal.
  9444 | D:8      | Found a sparkling altar of Nemelex Xobeh.
  9474 | D:8      | Found a staircase to the Lair.
  9817 | D:9      | Reached XP level 11. HP: 93/93 MP: 17/17
  9886 | D:9      | Found Nelin's Distillery.
  9894 | D:9      | Bought a potion of heal wounds for 65 gold pieces
 10482 | D:10     | Entered Level 10 of the Dungeon
 10682 | D:10     | Found a staircase to the Orcish Mines.
 10756 | D:10     | Noticed Nergalle
 10769 | D:10     | Killed Nergalle
 11326 | D:10     | Noticed a two-headed ogre
 11333 | D:10     | Killed a two-headed ogre
 11348 | D:10     | Noticed a two-headed ogre
 11355 | D:10     | Killed a two-headed ogre
 12525 | Lair:1   | Entered Level 1 of the Lair of Beasts
 13075 | Lair:1   | Noticed an oklob plant
 13393 | Lair:1   | Noticed Gastronok
 13417 | Lair:1   | Killed Gastronok
 13417 | Lair:1   | Reached skill level 12 in Fighting
 13417 | Lair:1   | Reached skill level 5 in Armour
 13417 | Lair:1   | Reached skill level 5 in Shields
 13447 | Lair:1   | Noticed Harold
 13453 | Lair:1   | Reached XP level 12. HP: 84/102 MP: 19/19
 13473 | Lair:1   | Killed Harold
 13473 | Lair:1   | Reached ****** piety under Okawaru
 13473 | Lair:1   | Reached skill level 10 in Invocations
 14594 | Lair:2   | Received a gift from Okawaru
 15387 | Lair:2   | Found a staircase to the Shoals.
 15727 | Lair:3   | Received a gift from Okawaru
 15730 | Lair:3   | Got a pair of polished boots {god gift}
 15736 | Lair:3   | Identified the +2 pair of boots "Lumure" {*Corrode +Blink rC++ SInv} (Okawaru gifted it to you on level 3 of the Lair of Beasts)
 16047 | Lair:3   | Found a hole to the Spider Nest.
 17161 | Lair:4   | Reached skill level 13 in Fighting
 17161 | Lair:4   | Reached XP level 13. HP: 103/111 MP: 20/20
 18687 | Lair:5   | Received a gift from Okawaru
 18702 | Lair:5   | Got an ancient mace {god gift}
 19237 | Lair:5   | Found a runed door.
 19582 | Lair:5   | Noticed Leszczynek's ghost (journeyman DgGl)
 19609 | Lair:5   | Killed Leszczynek's ghost
 19626 | Lair:5   | Identified the +6 mace "Uhuuc" {drain, *Corrode rC+++ Dex+4 Stlth-} (Okawaru gifted it to you on level 5 of the Lair of Beasts)
 19685 | Lair:6   | Entered Level 6 of the Lair of Beasts
 19741 | Lair:6   | Found a labyrinth entrance.
 19755 | Lab      | Entered a labyrinth
 20141 | Lab      | Noticed a minotaur
 20149 | Lab      | Killed a minotaur
 20166 | Lab      | Found the ring of the Mage {Wiz MR++ Int+3}
 20405 | Lair:6   | Received a gift from Okawaru
 20405 | Lair:6   | Reached skill level 1 in Throwing
 21129 | Lair:6   | Received a gift from Okawaru
 21179 | Lair:6   | Reached XP level 14. HP: 115/119 MP: 19/21
 21186 | Lair:6   | Received a gift from Okawaru
 21818 | Lair:6   | Found a staircase to the Slime Pits.
 21908 | Lair:6   | Reached skill level 14 in Fighting
 24910 | D:11     | Found a shimmering altar of Xom.
 24911 | D:11     | Found a shimmering altar of Xom.
 24917 | D:11     | Found a shimmering altar of Xom.
 24917 | D:11     | Found a shimmering altar of Xom.
 24917 | D:11     | Found a shimmering altar of Xom.
 24929 | D:11     | Received a gift from Okawaru
 24932 | D:11     | Got a translucent battleaxe {god gift}
 25742 | D:12     | Found Ebeosaok's Food Emporium.
 25899 | D:12     | Found Xafre's Magic Scroll Boutique.
 26338 | D:13     | Found Vuetis's Assorted Antiques.
 26371 | D:13     | Found a flagged portal.
 26378 | Bailey   | Entered a bailey
 26577 | Bailey   | Received a gift from Okawaru
 26728 | Bailey   | Got a smoking shortbow
 26901 | D:13     | Bought a transparent battleaxe for 287 gold pieces
 26974 | D:13     | Received a gift from Okawaru
 26974 | D:13     | Reached skill level 5 in Throwing
 27270 | D:13     | Noticed Kirke
 27304 | D:13     | Killed Kirke
 27334 | D:13     | Reached XP level 15. HP: 111/127 MP: 20/22
 27344 | D:13     | Found a shadowy altar of Dithmenos.
 27769 | D:14     | Reached skill level 10 in Armour
 27769 | D:14     | Reached skill level 10 in Shields
 28624 | D:14     | Found a gate to the Vaults.
 28673 | D:14     | Got a pair of shimmering gloves
 28684 | D:14     | Identified the +0 pair of gloves of Courage {MR++ rCorr Slay+3} (You found it on level 14 of the Dungeon)
 28825 | D:15     | Entered Level 15 of the Dungeon
 29268 | D:15     | Found a staircase to the Depths.
 29282 | D:15     | Reached skill level 1 in Evocations
 29446 | D:15     | Received a gift from Okawaru
 29460 | D:15     | Identified the cursed +0 shortbow "Mezxil" {velocity, rF- Dex+5} (You found it in a bailey)
 29462 | D:15     | Identified the +1 battleaxe "Pumnekasi" {chop, rC+ rN+} (Okawaru gifted it to you on level 11 of the Dungeon)
 29470 | D:15     | Got a pair of scorched boots {god gift}
 29481 | D:15     | Identified the +2 pair of boots of Catatonia {rPois Regen+ Int+4} (Okawaru gifted it to you on level 15 of the Dungeon)
 29858 | Orc:1    | Entered Level 1 of the Orcish Mines
 30228 | Orc:2    | Entered Level 2 of the Orcish Mines
 30372 | Orc:2    | Found a radiant altar of Vehumet.
 30460 | Orc:2    | Found a staircase to the Elven Halls.
 30460 | Orc:2    | Noticed Nessos
 30681 | Orc:2    | Killed Nessos
 30811 | Orc:2    | Reached skill level 15 in Fighting
 30847 | Orc:2    | Found Plog's Armour Boutique.
 30847 | Orc:2    | Found Xool's Food Shoppe.
 30872 | Orc:2    | Found Osew Seemp's Gadget Boutique.
 30872 | Orc:2    | Found Reginat's Magic Scroll Shoppe.
 30881 | Orc:2    | Bought a scroll of identify for 26 gold pieces
 30881 | Orc:2    | Bought a scroll of enchant weapon for 97 gold pieces
 30881 | Orc:2    | Bought a scroll of magic mapping for 45 gold pieces
 30881 | Orc:2    | Bought a scroll of identify for 26 gold pieces
 30881 | Orc:2    | Bought a scroll of identify for 26 gold pieces
 31178 | Shoals:1 | Entered Level 1 of the Shoals
 31261 | Shoals:1 | Received a gift from Okawaru
 31955 | Shoals:1 | Noticed Nikola
 32310 | Shoals:2 | Noticed Aizul
 32331 | Shoals:2 | Killed Aizul
 32339 | Shoals:2 | Received a gift from Okawaru
 32513 | Shoals:2 | Reached XP level 16. HP: 116/136 MP: 23/23
 32735 | Shoals:2 | Found a runed gate.
 32736 | Shoals:2 | Found a runed gate.
 32766 | Shoals:2 | Received a gift from Okawaru
 32839 | Shoals:2 | Found a runed gate.
 32845 | Shoals:2 | Noticed Vuomp's ghost (journeyman HaHu)
 33168 | Shoals:2 | Reached skill level 1 in Dodging
 33191 | Shoals:2 | Received a gift from Okawaru
 33492 | Shoals:3 | Reached skill level 5 in Evocations
 33527 | Shoals:3 | Received a gift from Okawaru
 33658 | Shoals:3 | Received a gift from Okawaru
 33873 | Shoals:3 | HP: 2/136 [water nymph/the raging water (40)]
 34438 | Shoals:3 | Found Comiam's Antique Weapon Shop.
 34466 | Shoals:4 | Entered Level 4 of the Shoals
 34566 | Shoals:4 | Got a jewelled ring mail
 34586 | Shoals:4 | Identified the +1 ring mail of the Harp {rElec rF+ Regen+ Dex-5} (You found it on level 4 of the Shoals)
 34611 | Shoals:4 | Noticed a kraken
 34626 | Shoals:4 | Killed a kraken
 34681 | Shoals:4 | Received a gift from Okawaru
 34914 | Shoals:4 | Received a gift from Okawaru
 34925 | Shoals:4 | Got a barnacled rune of Zot
 35097 | Shoals:4 | Got a scorched war axe
 35100 | Shoals:4 | Got a slimy flail
 35240 | Shoals:4 | Identified the +5 war axe of Cyoniz {holy, Str+6} (You found it on level 4 of the Shoals)
 35989 | Shoals:1 | Killed Nikola
 35989 | Shoals:1 | Gained mutation: You have a pair of large horns on your head. [demonic ancestry]
 35989 | Shoals:1 | Reached XP level 17. HP: 98/144 MP: 24/24
 36099 | Spider:1 | Entered Level 1 of the Spider Nest
 36116 | Lair:3   | Reached skill level 16 in Fighting
 36221 | Spider:1 | Noticed Roxanne
 36335 | Spider:1 | Received a gift from Okawaru
 36335 | Spider:1 | Reached skill level 5 in Dodging
 36695 | Spider:1 | Killed Roxanne
 36702 | Spider:1 | Identified Roxanne's Disquisition on Moulding (You took it off Roxanne on level 1 of the Spider Nest)
 37320 | Spider:2 | Reached skill level 1 in Spellcasting
 37515 | Spider:2 | Identified the cursed +1 flail of the Absolute Madman {crush, rPois rC+ Dex+4} (You found it on level 4 of the Shoals)
 38134 | Spider:3 | HP: 7/144 [wolf spider (10)]
 38134 | Spider:3 | Slain by a redback

Vault maps used:
D:1:      giann_wishing_wells
D:2:      minmay_box_of_dots
D:3:      first_ration, st_stairs_14
D:4:      serial_shops, nicolae_shop_trees, gammafunk_ghost_smash
D:5:      cheibrodos_iron_armory, kennysheep_mini, temple_green
D:6:      serial_shops, shop
D:8:      grunt_temple_overflow_cloverleaf, dpeg_lair_monsters, uniq_erica
D:9:      serial_shops, shop, blue_anna_alchemist
D:10:     orc_0_dummy, kennysheep_small_spiral, minmay_rotating_lava,
          uniq_nergalle
D:11:     xom_redecorated
D:12:     serial_shops, shop, shop
D:13:     enter_bailey_3, serial_shops, shop, lemuel_statue_altar, uniq_kirke
D:14:     erik_vaults_1
D:15:     hangedman_depths_entry_try_elsewhere_first,
          hangedman_abyss_or_decor_stagger, eino_tiny_chamber
Temple:   minmay_crystal_spiral_temple
Lair:1:   serial_bayou_crossing, minmay_lair_oklob_chamber, uniq_harold,
          uniq_gastronok
Lair:2:   elwin_shoals_entry_rocks, small_statue_intersection,
          grunt_forest_small_clearings, serial_bayou_pond_b,
          nicolae_quartered_pool_little, lemuel_fruit_fields
Lair:3:   spider_nest_entry_web_field, grunt_megastairs_1,
          infiniplex_staircase_pool_2
Lair:4:   grunt_megastairs_3, serial_bayou_shore_b
Lair:5:   ebering_ghost_reflecting_pool, lemuel_fruit_fields,
          grunt_megastairs_4, lemuel_fruit_fields
Lair:6:   minmay_lair_end_enchanted_forest, minmay_slime_entry_pillars,
          lab_entry_generic, st_stairs_12, infiniplex_staircase_pool
Shoals:1: nicolae_shoals_wave_tunnel, uniq_nikola
Shoals:2: ebering_ghost_davey_jones, uniq_aizul
Shoals:3: serial_shops, nicolae_shop_window_shopping
Shoals:4: shoals_end_simple
Spider:1: uniq_roxanne
Spider:2: nicolae_spider_cling_ruins
Spider:3: minmay_another_anthill, hangedman_spider_tarantella_strand
Orc:1:    mines1_david, uniq_snorg
Orc:2:    grunt_orc_tribal_feast, basic_altar, uniq_nessos
Lab:      labyrinth_spiral, nicolae_lab_plus
Bailey:   bailey_axe_4, bailey

Skill      XL: |  1  2  3  4  5  6  7  8  9 10 11 12 13 14 15 16 17 |
---------------+----------------------------------------------------+-----
Axes           | 2 3 4 6 7 9 10 11 12 13 14 | 14.9
Fighting       | 4 5 7 8 10 11 12 13 14 15 16 | 16.2
Invocations    | 4 8 9 10 | 10.0
Armour         | 3 5 7 8 9 10 11 12 | 12.2
Shields        | 3 5 7 8 9 10 11 12 | 12.2
Throwing       | 2 5 |  5.7
Evocations     | 4 5 |  5.0
Dodging        | 4 5 |  5.7
Spellcasting   | 1 |  1.7

Action                   |  1- 3 |  4- 6 |  7- 9 | 10-12 | 13-15 | 16-18 || total
-------------------------+-------+-------+-------+-------+-------+-------++-------
Melee: War axe           |   130 |   235 |       |       |       |       ||   365
       Headbutt          |       |    24 |    56 |   158 |   295 |   163 ||   696
       Broad axe         |       |     9 |   273 |   686 |  1342 |   804 ||  3114
Throw: Javelin           |       |       |     3 |       |   136 |     1 ||   140
       Tomahawk          |       |       |       |       |    11 |       ||    11
Invok: Heroism           |       |       |     3 |    15 |    33 |    10 ||    61
       Finesse           |       |       |       |       |     6 |     1 ||     7
 Abil: Evoke Blink       |       |       |       |       |     1 |       ||     1
Evoke: Wand              |       |       |       |       |    29 |       ||    29
  Use: Potion            |     1 |       |       |       |     8 |    10 ||    19
       Scroll            |       |     5 |     4 |    16 |    23 |     7 ||    55
 Stab: Sleeping          |       |       |       |       |     2 |       ||     2
       Distracted        |       |       |       |       |     1 |       ||     1
  Eat: Chunk             |     2 |     8 |     9 |    18 |    17 |    14 ||    68
       Ration            |       |     3 |       |     3 |    12 |     2 ||    20
Armor: Scale mail        |    62 |   105 |   125 |   275 |   176 |       ||   743
       Steam dragon scal |       |       |       |       |   279 |    88 ||   367
       Ring mail         |       |       |       |       |       |   307 ||   307
Dodge: Dodged            |    50 |    54 |    56 |   122 |   334 |   292 ||   908
       Deflected         |       |       |       |     2 |       |       ||     2
Block: Shield            |    76 |   102 |   115 |    22 |       |       ||   315
       Large shield      |       |       |       |   513 |  1174 |   809 ||  2496

Table legend:
 A = Spawn XP
 B = Non-spawn XP
 C = Spawn XP percentage of total XP
 D = Spawn monster count
 E = Non-spawn monster count
 F = Spawn count percentage of total count
 G = Total turns spent on level
                    A         B        C        D         E        F      G
               +---------+---------+-------+---------+---------+-------+---------
         Total |       0 |  248773 |   0.0 |       0 |     909 |   0.0 | 38134
               +---------+---------+-------+---------+---------+-------+---------
           D:1 |       0 |      26 |   0.0 |       0 |      18 |   0.0 |  1010
           D:2 |       0 |     129 |   0.0 |       0 |      28 |   0.0 |  1410
           D:3 |       0 |      48 |   0.0 |       0 |      15 |   0.0 |  1247
           D:4 |       0 |     497 |   0.0 |       0 |      21 |   0.0 |  1552
           D:5 |       0 |     820 |   0.0 |       0 |      24 |   0.0 |   657
           D:6 |       0 |     680 |   0.0 |       0 |      21 |   0.0 |   707
           D:7 |       0 |    3441 |   0.0 |       0 |      23 |   0.0 |  1504
           D:8 |       0 |    5509 |   0.0 |       0 |      23 |   0.0 |  1888
           D:9 |       0 |     832 |   0.0 |       0 |      12 |   0.0 |   726
          D:10 |       0 |   10406 |   0.0 |       0 |      39 |   0.0 |  4030
          D:11 |       0 |    6307 |   0.0 |       0 |      27 |   0.0 |   933
          D:12 |       0 |    3395 |   0.0 |       0 |      29 |   0.0 |   630
          D:13 |       0 |   13444 |   0.0 |       0 |      52 |   0.0 |   928
          D:14 |       0 |    5465 |   0.0 |       0 |      17 |   0.0 |  1202
          D:15 |       0 |   11755 |   0.0 |       0 |      24 |   0.0 |   897
        Lair:1 |       0 |    7441 |   0.0 |       0 |      22 |   0.0 |  1599
        Lair:2 |       0 |    5097 |   0.0 |       0 |      28 |   0.0 |  1420
        Lair:3 |       0 |    4636 |   0.0 |       0 |      23 |   0.0 |  1354
        Lair:4 |       0 |    8085 |   0.0 |       0 |      29 |   0.0 |  1538
        Lair:5 |       0 |   10595 |   0.0 |       0 |      29 |   0.0 |  1588
        Lair:6 |       0 |   20558 |   0.0 |       0 |      82 |   0.0 |  2014
      Shoals:1 |       0 |   16977 |   0.0 |       0 |      28 |   0.0 |  1444
      Shoals:2 |       0 |   13715 |   0.0 |       0 |      26 |   0.0 |  1172
      Shoals:3 |       0 |   18555 |   0.0 |       0 |      37 |   0.0 |  1067
      Shoals:4 |       0 |   31402 |   0.0 |       0 |      52 |   0.0 |  1196
      Spider:1 |       0 |   18137 |   0.0 |       0 |      37 |   0.0 |  1120
      Spider:2 |       0 |   10070 |   0.0 |       0 |      26 |   0.0 |   614
      Spider:3 |       0 |    3793 |   0.0 |       0 |      13 |   0.0 |   263
         Orc:1 |       0 |    1731 |   0.0 |       0 |      11 |   0.0 |   379
         Orc:2 |       0 |   12897 |   0.0 |       0 |      66 |   0.0 |   846
           Lab |       0 |    1261 |   0.0 |       0 |       1 |   0.0 |   540
        Bailey |       0 |    1069 |   0.0 |       0 |      26 |   0.0 |   485
               +---------+---------+-------+---------+---------+-------+---------
